[Event "Titled Tuesday Blitz November 07 Early 2023"]
[White "Akhmedinov, Satbek"]
[Black "Tsydypov, Zhamsaran"]
[WhiteFideId "13714287"]
[BlackFideId "4108566"]
[WhiteElo "2710"]
[BlackElo "3014"]
[Result "0-1"]
[Round "5"]
[TimeControl "180+1"]
[Date "2023.11.07"]
[WhiteClock "0:00:09"]
[BlackClock "0:00:22"]
[Board "21"]

1. e4 e5 2. Nf3 Nc6 3. Bc4 Bc5 4. c3 Nf6 5. d3 O-O 6. O-O d6 7. Re1 a5 8. h3 Bb6 9. d4 h6 10. Na3 Re8 11. dxe5 Nxe5 12. Nxe5 Rxe5 13. Bd3 Re8 14. Bf4 Be6 15. Qf3 Nd7 16. Nc4 Bc5 17. Rad1 b5 18. Ne3 c6 19. a3 Bb3 20. Bc2 Bxe3 21. Bxb3 Bxf4 22. Qxf4 Ne5 23. Qd2 a4 24. Ba2 Ra7 25. f4 Ng6 26. Qxd6 Qxd6 27. Rxd6 Nxf4 28. Rxc6 Rd7 29. Rf1 g5 30. g3 Ne2+ 31. Kg2 Rxe4 32. Rxh6 Kg7 33. Rb6 Re5 34. Rf2 f5 35. Bb1 f4 36. g4 Rd1 37. Bf5 Re3 38. Rg6+ Kf8 39. Rxg5 Rg3+ 40. Kh2 Re3 41. Bc8 Ke7 42. Ba6 Ng1 43. Bxb5 Rxh3+ 44. Kg2 f3+ 45. Rxf3 Rxf3 46. Be2 Rd2 47. Re5+ Kf6 48. Kxg1 Rg3+ 49. Kf2 Kxe5 0-1


[Site "https://www.chess.com"]

[Event "Titled Tuesday Blitz November 07 Early 2023"]
[White "Ibarra Jerez, Jose Carlos"]
[Black "Hasangatin, Ramil"]
[WhiteFideId "2226332"]
[BlackFideId "4122160"]
[WhiteElo "2990"]
[BlackElo "2707"]
[Result "1-0"]
[Round "5"]
[TimeControl "180+1"]
[Date "2023.11.07"]
[WhiteClock "0:01:11"]
[BlackClock "0:01:25"]
[Board "22"]

1. e4 d5 2. exd5 Qxd5 3. Nc3 Qd6 4. d4 Nf6 5. Nf3 c6 6. Ne5 Nbd7 7. f4 Nb6 8. g4 g6 9. Bg2 Be6 10. O-O Bg7 11. f5 Bd5 12. Nxd5 cxd5 13. Bf4 Qb4 14. Qd3 O-O 15. a3 Qa4 16. b3 Qa5 17. c4 dxc4 18. bxc4 Rad8 19. fxg6 hxg6 20. Bxb7 Nxg4 21. Nc6 Qf5 22. Nxe7+ 1-0


[Site "https://www.chess.com"]

[Event "Titled Tuesday Blitz November 07 Early 2023"]
[White "Shimanov, Aleksandr"]
[Black "Rakotomaharo, Fy Antenaina"]
[WhiteFideId "4198603"]
[BlackFideId "13100050"]
[WhiteElo "2966"]
[BlackElo "2705"]
[Result "0-1"]
[Round "5"]
[TimeControl "180+1"]
[Date "2023.11.07"]
[WhiteClock "0:00:17"]
[BlackClock "0:00:32"]
[Board "23"]

1. b3 e5 2. Bb2 Nc6 3. c4 Nge7 4. e3 d5 5. cxd5 Nxd5 6. a3 Be6 7. Bb5 f6 8. Ne2 Qd7 9. Qc2 O-O-O 10. d4 Kb8 11. dxe5 Ncb4 12. Qc4 c6 13. axb4 Nxe3 14. Qd4 Nc2+ 15. Kf1 Nxd4 16. Bxd4 cxb5 17. Bxa7+ Kc7 18. Nbc3 Bxb4 19. Rc1 b6 20. f3 Kb7 21. exf6 gxf6 22. Na2 Bd2 23. Ra1 Kxa7 0-1


[Site "https://www.chess.com"]

[Event "Titled Tuesday Blitz November 07 Early 2023"]
[White "NovozhilovSemen"]
[Black "Kovalev, Vladislav"]
[BlackFideId "13504398"]
[WhiteElo "2701"]
[BlackElo "2921"]
[Result "0-1"]
[Round "5"]
[TimeControl "180+1"]
[Date "2023.11.07"]
[WhiteClock "0:00:01"]
[BlackClock "0:00:29"]
[Board "24"]

1. d4 Nf6 2. Nf3 e6 3. e3 d5 4. Bd3 c5 5. b3 Nc6 6. O-O Be7 7. c4 O-O 8. Nc3 b6 9. cxd5 Nxd5 10. Nxd5 Qxd5 11. Bb2 Bb7 12. Bc4 Qh5 13. d5 Rad8 14. Ne1 Qxd1 15. Rxd1 Nb4 16. a3 Nxd5 17. Nd3 Bf6 18. Ne5 Nc7 19. f3 Rxd1 20. Rxd1 Rd8 21. Rxd8+ Bxd8 22. e4 f6 23. Nd3 Kf7 24. b4 cxb4 25. axb4 Ba6 26. Bxa6 Nxa6 27. Kf2 Be7 28. Bc3 e5 29. Ke3 Ke6 30. f4 Bd6 31. fxe5 fxe5 32. g4 g6 33. h4 Nb8 34. g5 a6 35. Nb2 Nc6 36. Nc4 Bc7 37. Kd3 b5 38. Ne3 Ne7 39. Ng4 Bd6 40. Nf6 h5 41. Nh7 Ng8 42. Ke3 Kf7 43. Kd3 Kg7 44. Nf6 Nxf6 45. gxf6+ Kxf6 46. Bd2 Ke6 47. Kc3 Be7 48. Be1 g5 49. hxg5 Bxg5 50. Kd3 h4 51. Ke2 h3 52. Kf2 Bh4+ 0-1


[Site "https://www.chess.com"]

[Event "Titled Tuesday Blitz November 07 Early 2023"]
[White "Kukhmazov, Arsen"]
[Black "Harikrishnan.A.Ra"]
[WhiteFideId "24108260"]
[BlackFideId "5081483"]
[WhiteElo "2908"]
[BlackElo "2698"]
[Result "1-0"]
[Round "5"]
[TimeControl "180+1"]
[Date "2023.11.07"]
[WhiteClock "0:00:03"]
[BlackClock "0:00:01"]
[Board "25"]

1. d4 d5 2. c4 c6 3. Nf3 Nf6 4. Nc3 e6 5. Bg5 Nbd7 6. e3 Qa5 7. Nd2 Bb4 8. Qc2 dxc4 9. Bxf6 Nxf6 10. Nxc4 Qc7 11. Bd3 O-O 12. O-O h6 13. Ne5 Bd6 14. f4 a6 15. Ne4 Nd5 16. Qf2 Be7 17. Rac1 f5 18. Nc5 Bf6 19. Ng6 Rd8 20. Nb3 a5 21. Rfe1 Bd7 22. Nc5 b6 23. Nxd7 Rxd7 24. Ne5 Rd6 25. Bb5 Ne7 26. Rc2 Qb7 27. Be2 Rad8 28. Rec1 c5 29. Bf3 Qb8 30. dxc5 bxc5 31. Nc4 Ra6 32. g3 Nd5 33. a3 Kh7 34. Kg2 Qb3 35. Qe2 Ra7 36. e4 fxe4 37. Bxe4+ Kh8 38. h4 Re7 39. Kh2 Rf8 40. Nd2 Qb8 41. Nf3 Nxf4 42. gxf4 Qxf4+ 43. Kh1 Be5 44. Rc4 Ref7 45. Qg2 Qe3 46. Re1 Qf4 47. Qg6 Qg3 48. Qh7# 1-0


[Site "https://www.chess.com"]

[Event "Titled Tuesday Blitz November 07 Early 2023"]
[White "Aradhya, Garg"]
[Black "AlmasRakhmatullaev"]
[WhiteFideId "25006746"]
[WhiteElo "2696"]
[BlackElo "2891"]
[Result "1/2-1/2"]
[Round "5"]
[TimeControl "180+1"]
[Date "2023.11.07"]
[WhiteClock "0:01:17"]
[BlackClock "0:00:44"]
[Board "26"]

1. d4 d5 2. c4 e6 3. Nc3 a6 4. cxd5 exd5 5. Nf3 c6 6. Bf4 Bd6 7. Be5 Nf6 8. e3 O-O 9. Bd3 Re8 10. O-O Bg4 11. Bxd6 Qxd6 12. h3 Bh5 13. Ne2 Bxf3 14. gxf3 Nbd7 15. Ng3 g6 16. Kg2 c5 17. dxc5 Nxc5 18. Bc2 Rad8 19. Qd4 Kg7 20. Rad1 Ne6 21. Qh4 Qe5 22. Rd2 d4 23. Re1 h5 24. f4 Nxf4+ 25. exf4 Qxe1 26. Nf5+ gxf5 27. Qg5+ Kf8 28. Qxf6 Qxd2 29. Bb3 Rd7 30. Qh8+ Ke7 31. Qe5+ Kd8 32. Qb8+ Ke7 33. Qe5+ Kd8 34. Qb8+ Ke7 35. Qe5+ 1/2-1/2


[Site "https://www.chess.com"]

[Event "Titled Tuesday Blitz November 07 Early 2023"]
[White "Mikaelyan, Arman"]
[Black "Hua, Lefong"]
[WhiteFideId "13304852"]
[BlackFideId "2602253"]
[WhiteElo "2881"]
[BlackElo "2695"]
[Result "1-0"]
[Round "5"]
[TimeControl "180+1"]
[Date "2023.11.07"]
[WhiteClock "0:02:22"]
[BlackClock "0:01:54"]
[Board "27"]

1. d4 Nf6 2. Nf3 g6 3. g3 Bg7 4. Bg2 O-O 5. O-O d6 6. a4 c5 7. dxc5 dxc5 8. Qxd8 Rxd8 9. a5 a6 10. Nbd2 Nc6 11. Nc4 Be6 12. Nb6 Rab8 13. Bf4 Nd5 14. Bxb8 Rxb8 15. Nxd5 Bxd5 16. Rfd1 Be4 17. c3 Kf8 18. Nd2 Bxg2 19. Kxg2 Ke8 20. Nc4 h5 21. Rd5 1-0


[Site "https://www.chess.com"]

[Event "Titled Tuesday Blitz November 07 Early 2023"]
[White "Donchenko, Alexander"]
[Black "Malek, Jan"]
[WhiteFideId "24603295"]
[BlackFideId "21864080"]
[WhiteElo "2880"]
[BlackElo "2694"]
[Result "0-1"]
[Round "5"]
[TimeControl "180+1"]
[Date "2023.11.07"]
[WhiteClock "0:01:53"]
[BlackClock "0:01:14"]
[Board "28"]

1. e4 c6 2. Nf3 d5 3. d3 g6 4. Nbd2 Bg7 5. g3 Nf6 6. Bg2 O-O 7. O-O dxe4 8. dxe4 Qc7 9. c3 e5 10. Qc2 Be6 11. Ng5 Bg4 12. h3 Bc8 13. a4 h6 14. Ngf3 Be6 15. Re1 Nbd7 16. a5 b6 17. Bf1 Rfe8 18. Kg2 b5 19. a6 Nb6 20. Nb3 Nfd7 21. Be3 Nc4 22. Bxc4 Bxc4 23. Nc5 Nxc5 24. Bxc5 Red8 25. Red1 Be6 26. b4 Rxd1 27. Rxd1 Qc8 28. g4 Qxa6 29. Rd5 cxd5 0-1


[Site "https://www.chess.com"]

[Event "Titled Tuesday Blitz November 07 Early 2023"]
[White "Lukovic, Vladimir"]
[Black "Subelj, Jan"]
[WhiteFideId "942952"]
[BlackFideId "14618583"]
[WhiteElo "2693"]
[BlackElo "2870"]
[Result "1/2-1/2"]
[Round "5"]
[TimeControl "180+1"]
[Date "2023.11.07"]
[WhiteClock "0:00:03"]
[BlackClock "0:00:07"]
[Board "29"]

1. e4 e6 2. d4 Nc6 3. Be3 d5 4. Nd2 Bd6 5. c3 Bd7 6. Bd3 dxe4 7. Nxe4 Nf6 8. Nf3 Nxe4 9. Bxe4 h6 10. O-O O-O 11. c4 Rb8 12. Rc1 b5 13. c5 Be7 14. Ne5 Nb4 15. Bxh6 gxh6 16. Qg4+ Bg5 17. Qg3 Kh8 18. f4 Bh4 19. Qh3 Be8 20. g3 Rg8 21. Rcd1 f5 22. Bf3 Kh7 23. d5 Be7 24. dxe6 Bxc5+ 25. Kh1 Qf6 26. Nd7 Bxd7 27. Rxd7+ Rg7 28. Rc1 Bd6 29. Re1 Nd3 30. Re2 Re7 31. Rxe7+ Bxe7 32. Bc6 Rf8 33. Qg2 Qd4 34. Bxb5 Bc5 35. Qf1 Qd5+ 36. Qg2 Qxa2 37. h3 Qb3 38. e7 Qxb5 39. exf8=Q Bxf8 40. Qf3 Bg7 41. Kh2 Nxb2 42. g4 Qd3 43. Qg2 Qd4 44. Re7 Qxf4+ 45. Kh1 Qc1+ 46. Kh2 Qc3 47. gxf5 Qf6 48. Rxc7 Qe5+ 49. Qg3 Qe2+ 50. Kh1 Qe4+ 51. Kh2 Qe2+ 52. Kh1 Qd1+ 53. Kh2 Qd2+ 54. Kh1 Qd1+ 55. Kh2 Qe2+ 1/2-1/2


[Site "https://www.chess.com"]

[Event "Titled Tuesday Blitz November 07 Early 2023"]
[White "Tatarinov, Dmitry"]
[Black "Alexandre, Anne Shopie Elizabeth"]
[WhiteFideId "24160067"]
[BlackFideId "11902418"]
[WhiteElo "2692"]
[BlackElo "2862"]
[Result "0-1"]
[Round "5"]
[TimeControl "180+1"]
[Date "2023.11.07"]
[WhiteClock "0:00:11"]
[BlackClock "0:00:06"]
[Board "30"]

1. c4 e5 2. Nc3 Nc6 3. g3 g6 4. Bg2 Bg7 5. Nf3 Nge7 6. O-O O-O 7. d3 d6 8. Rb1 a5 9. a3 f5 10. Nd2 h6 11. b4 axb4 12. axb4 e4 13. Nd5 exd3 14. Nxe7+ Qxe7 15. exd3 Kh8 16. b5 Ne5 17. Nf3 Ra2 18. Re1 b6 19. Bb2 f4 20. Nxe5 dxe5 21. Qb3 Ra7 22. d4 fxg3 23. fxg3 Bf5 24. Rbd1 e4 25. d5 Re8 26. Bxg7+ Qxg7 27. d6 cxd6 28. Rxd6 e3 29. Rxe3 Ra1+ 30. Kf2 Rf8 31. Rf3 Be4 32. Rf4 g5 33. Rd7 Qxd7 34. Rxf8+ Kg7 35. Qb2+ Kxf8 36. Bxe4 Qf7+ 37. Bf3 Qg7 38. Qd2 Qf6 39. Kg2 Rb1 40. Kh3 Rb2 41. Qd5 Rf2 42. Bg4 Kg7 43. Qd7+ Qf7 44. Qd4+ Rf6 45. c5 h5 46. Be2 Qe6+ 47. g4 Qxe2 48. Qd7+ Rf7 49. Qd4+ Rf6 50. Qd7+ Kh6 51. gxh5 Rf3+ 0-1


[Site "https://www.chess.com"]

[Event "Titled Tuesday Blitz November 07 Early 2023"]
[White "Kravtsiv, Martyn"]
[Black "Principe, Alexander"]
[WhiteFideId "14113147"]
[BlackFideId "3804542"]
[WhiteElo "2861"]
[BlackElo "2691"]
[Result "1-0"]
[Round "5"]
[TimeControl "180+1"]
[Date "2023.11.07"]
[WhiteClock "0:02:07"]
[BlackClock "0:02:23"]
[Board "31"]

1. e4 e6 2. d4 d5 3. Nc3 Bb4 4. exd5 exd5 5. a3 Bxc3+ 6. bxc3 Nc6 7. Bd3 Nge7 8. Qh5 Be6 9. Nf3 Qd7 10. Ng5 g6 11. Qf3 O-O-O 12. O-O Rdf8 13. Nxe6 fxe6 14. Qe2 Nf5 15. a4 Re8 16. Bb5 a6 17. Bxa6 bxa6 18. Qxa6+ Kd8 19. Bg5+ Nfe7 20. Qa8+ Qc8 21. Qxc6 1-0


[Site "https://www.chess.com"]

[Event "Titled Tuesday Blitz November 07 Early 2023"]
[White "Nenezic, Marko"]
[Black "Koellner, Ruben Gideon"]
[WhiteFideId "912123"]
[BlackFideId "12993093"]
[WhiteElo "2858"]
[BlackElo "2690"]
[Result "1-0"]
[Round "5"]
[TimeControl "180+1"]
[Date "2023.11.07"]
[WhiteClock "0:01:43"]
[BlackClock "0:00:00"]
[Board "32"]

1. d4 d6 2. Nf3 Nf6 3. c4 g6 4. Nc3 Bf5 5. Ng5 e5 6. dxe5 Nfd7 7. e4 Be6 8. Nxe6 fxe6 9. Qg4 Qe7 10. exd6 cxd6 11. Bg5 Qf7 12. Qg3 Nc6 13. Nb5 Nc5 14. Qxd6 Bxd6 15. Nxd6+ Kf8 16. Nxf7 Kxf7 17. f3 Ne5 18. O-O-O Rac8 19. Kb1 Na6 20. f4 1-0


[Site "https://www.chess.com"]

[Event "Titled Tuesday Blitz November 07 Early 2023"]
[White "carokannlover213"]
[Black "Klukin, Kirill"]
[BlackFideId "24199273"]
[WhiteElo "2690"]
[BlackElo "2851"]
[Result "1/2-1/2"]
[Round "5"]
[TimeControl "180+1"]
[Date "2023.11.07"]
[WhiteClock "0:00:05"]
[BlackClock "0:00:06"]
[Board "33"]

1. e4 c5 2. Nf3 Nc6 3. Nc3 g6 4. d4 cxd4 5. Nxd4 Bg7 6. Be3 Nf6 7. Bc4 O-O 8. Bb3 Re8 9. f3 e6 10. O-O d5 11. exd5 Nxd5 12. Nxd5 exd5 13. Bf2 Qg5 14. Kh1 Qh5 15. Nxc6 bxc6 16. Bd4 Ba6 17. Bxg7 Kxg7 18. Re1 Qh4 19. c3 Bc4 20. Bxc4 Qxc4 21. Qd4+ Qxd4 22. cxd4 Rab8 23. b3 Rxe1+ 24. Rxe1 Rb4 25. Rd1 Kf6 26. Kg1 Ke6 27. Kf2 a5 28. Ke3 a4 29. Rb1 axb3 30. axb3 Kd6 31. Kd3 Rb8 32. b4 Ra8 33. b5 cxb5 34. Rxb5 Ra2 35. Rb6+ Ke7 36. g4 Rxh2 37. Rb5 Ke6 38. Rb6+ Ke7 39. Rb5 h5 40. Rxd5 hxg4 41. fxg4 Ke6 42. Re5+ Kd6 43. g5 Rg2 44. Ra5 Rg4 45. Ke3 Ke6 46. Re5+ Kd6 47. Rb5 Rg1 48. Ke4 Re1+ 49. Kf4 Ke6 50. Ra5 Rf1+ 51. Ke4 Re1+ 52. Kf4 Rd1 53. Ke4 Kd6 54. Ra6+ Ke7 55. Ra5 Rg1 56. Kf4 Kd7 57. Rb5 Kc6 58. Re5 Kd6 59. Ra5 Re1 60. Rb5 Kc6 61. Rc5+ Kd7 62. Rd5+ Ke6 63. Ra5 1/2-1/2


[Site "https://www.chess.com"]

[Event "Titled Tuesday Blitz November 07 Early 2023"]
[White "Sychev, Klementy"]
[Black "Ovetchkin, Roman"]
[WhiteFideId "4114060"]
[BlackFideId "4119991"]
[WhiteElo "2840"]
[BlackElo "2682"]
[Result "1-0"]
[Round "5"]
[TimeControl "180+1"]
[Date "2023.11.07"]
[WhiteClock "0:00:05"]
[BlackClock "0:00:04"]
[Board "34"]

1. e4 c6 2. c4 d5 3. cxd5 cxd5 4. exd5 Nf6 5. Qa4+ Nbd7 6. Nc3 g6 7. Bc4 Bg7 8. d3 O-O 9. Nf3 a6 10. Qa3 Rb8 11. Bf4 Ra8 12. O-O Nh5 13. Bg5 Bf6 14. Rfe1 Bxg5 15. Nxg5 Re8 16. Nce4 Ne5 17. Qc3 f6 18. d6+ Kg7 19. dxe7 Qxe7 20. Ng3 Nf4 21. d4 fxg5 22. Rxe5 Qf8 23. Rxe8 Qxe8 24. d5+ Kh6 25. Re1 Qf8 26. Ne4 Bf5 27. Nf6 Rc8 28. d6 Qxd6 29. Ng8+ Kh5 30. h3 Qc6 31. g4+ Kh4 32. Qg3# 1-0


[Site "https://www.chess.com"]

[Event "Titled Tuesday Blitz November 07 Early 2023"]
[White "Yen, William"]
[Black "Rustemov, Alexander"]
[WhiteFideId "30932025"]
[BlackFideId "4119002"]
[WhiteElo "2681"]
[BlackElo "2840"]
[Result "0-1"]
[Round "5"]
[TimeControl "180+1"]
[Date "2023.11.07"]
[WhiteClock "0:00:52"]
[BlackClock "0:01:21"]
[Board "35"]

1. e4 e6 2. d4 d5 3. Nd2 dxe4 4. Nxe4 Bd7 5. Nf3 Bc6 6. Bd3 Nd7 7. O-O Ngf6 8. Ng3 Be7 9. c4 O-O 10. Re1 Bb4 11. Re3 Ng4 12. Re2 Bxf3 13. gxf3 Ngf6 14. a3 Bd6 15. c5 Be7 16. f4 g6 17. f5 exf5 18. Bh6 c6 19. Bxf8 Nxf8 20. Bc4 Qd7 21. Qb3 Nd5 22. Rae1 Bf6 23. Bxd5 cxd5 24. Rd1 Ne6 25. Red2 a5 26. Ne2 a4 27. Qg3 Re8 28. h4 h5 29. Nc3 Kg7 30. Kg2 f4 31. Qh3 f3+ 32. Qxf3 Bxh4 33. Nxd5 Qxd5 34. Qxd5 Nf4+ 0-1


[Site "https://www.chess.com"]

[Event "Titled Tuesday Blitz November 07 Early 2023"]
[White "Mamedov, Edgar"]
[Black "Yanchenko, Roman"]
[WhiteFideId "13739980"]
[BlackFideId "4137329"]
[WhiteElo "2679"]
[BlackElo "2839"]
[Result "0-1"]
[Round "5"]
[TimeControl "180+1"]
[Date "2023.11.07"]
[WhiteClock "0:00:00"]
[BlackClock "0:00:16"]
[Board "36"]

1. d4 d5 2. c4 c6 3. Nf3 Nf6 4. e3 Bf5 5. Nc3 e6 6. Bd3 Bg6 7. O-O Nbd7 8. b3 Bd6 9. Bb2 O-O 10. Bxg6 hxg6 11. Qe2 Qe7 12. e4 dxe4 13. Nxe4 Ba3 14. Nxf6+ gxf6 15. Bc3 Rad8 16. Rad1 Bb4 17. Bb2 Ba3 18. Bc3 Bb4 19. Bb2 Bd6 20. g3 c5 21. dxc5 Bxc5 22. Qe4 b6 23. Qb7 Ne5 24. Qe4 Nxf3+ 25. Qxf3 Kg7 26. Kg2 a5 27. h4 e5 28. Qe4 Qe6 29. Rd5 Rxd5 30. cxd5 Qd7 31. f4 Qg4 32. Qc4 Re8 33. fxe5 Qxc4 34. bxc4 fxe5 35. g4 f6 36. Re1 Kf7 37. g5 Bd6 38. gxf6 Kxf6 39. Rf1+ Kg7 40. Kf3 Rf8+ 41. Ke2 Rh8 42. Rf4 g5 43. Rg4 Rxh4 44. Rxg5+ Kf6 45. Rg2 Kf5 46. Rf2+ Ke4 47. Bc1 Bc5 48. Rg2 Rh3 49. Rg4+ Kf5 50. Rg5+ Kf6 51. Rg8 Rc3 52. Bg5+ Kf7 53. Rc8 Rxc4 54. d6 Rd4 55. Rc7+ Ke6 56. Be3 Re4 57. d7 Rxe3+ 58. Kd2 Ke7 0-1


[Site "https://www.chess.com"]

[Event "Titled Tuesday Blitz November 07 Early 2023"]
[White "Chinguun, Sumiya"]
[Black "Beerdsen, Thomas"]
[WhiteFideId "4902572"]
[BlackFideId "1030108"]
[WhiteElo "2678"]
[BlackElo "2839"]
[Result "0-1"]
[Round "5"]
[TimeControl "180+1"]
[Date "2023.11.07"]
[WhiteClock "0:00:26"]
[BlackClock "0:00:15"]
[Board "37"]

1. e4 e5 2. Nf3 Nc6 3. Bc4 Nf6 4. d3 h6 5. O-O d6 6. c3 g5 7. d4 g4 8. Nfd2 exd4 9. cxd4 Nxd4 10. Nc3 Bg7 11. Re1 O-O 12. Nf1 Nc6 13. Ng3 Ne5 14. Bb3 Be6 15. Nce2 Qd7 16. Nd4 Kh7 17. Ngf5 Rg8 18. Qd2 Bf8 19. Nxh6 Rg6 20. Nhf5 c5 21. Nxe6 fxe6 22. Ng3 Bh6 23. Qc3 Bxc1 24. Raxc1 Rf8 25. Rcd1 Qe7 26. Qd2 Ne8 27. Bc2 Kh8 28. Qe3 Qh4 29. Nf1 Nf3+ 30. Kh1 Rh6 31. gxf3 Rxf3 32. Qd2 Rh3 33. Qf4 Rf6 34. Qxf6+ Qxf6 35. Kg1 e5 36. Ng3 Ng7 37. Rd3 Rxh2 38. Nf5 Nxf5 39. Kxh2 Nd4 40. Rxd4 Qxf2+ 0-1


[Site "https://www.chess.com"]

[Event "Titled Tuesday Blitz November 07 Early 2023"]
[White "Pendos666"]
[Black "Perdomo, Leandro"]
[BlackFideId "109746"]
[WhiteElo "2836"]
[BlackElo "2677"]
[Result "1/2-1/2"]
[Round "5"]
[TimeControl "180+1"]
[Date "2023.11.07"]
[WhiteClock "0:00:36"]
[BlackClock "0:00:22"]
[Board "38"]

1. e4 e5 2. Nf3 Nc6 3. Bb5 a6 4. Bxc6 dxc6 5. O-O Bg4 6. h3 Bh5 7. g4 Bg6 8. Nxe5 Qh4 9. Qf3 f6 10. Nxg6 hxg6 11. Kg2 O-O-O 12. d3 Bd6 13. Nd2 g5 14. Nc4 Ne7 15. Nxd6+ cxd6 16. Rh1 Qh7 17. Bd2 Ng6 18. Qg3 Qg8 19. b3 d5 20. Rae1 Nh4+ 21. Kh2 Qe6 22. f4 gxf4 23. Bxf4 g5 24. Bc1 Rh7 25. Rhf1 Rdh8 26. Bb2 Rh6 27. exd5 Qxd5 28. Bxf6 Rf8 29. Bg7 Nf3+ 30. Rxf3 Rxf3 31. Re8+ Kd7 32. Rd8+ Kxd8 33. Qb8+ Ke7 34. Qxb7+ Qd7 35. Qxd7+ Kxd7 36. Bxh6 Rf2+ 37. Kg3 Rxc2 38. Bxg5 Rxa2 39. h4 Ra3 40. h5 Rxb3 41. Bf6 Rxd3+ 42. Kf4 Ke6 43. g5 Rd1 44. Bc3 Rf1+ 45. Kg4 Rg1+ 46. Kf4 Kf7 47. g6+ Rxg6 48. hxg6+ Kxg6 49. Ke5 a5 50. Bxa5 c5 51. Kd5 c4 52. Kxc4 1/2-1/2


[Site "https://www.chess.com"]

[Event "Titled Tuesday Blitz November 07 Early 2023"]
[White "Arifarsky"]
[Black "mind1mover"]
[WhiteElo "2675"]
[BlackElo "2831"]
[Result "1-0"]
[Round "5"]
[TimeControl "180+1"]
[Date "2023.11.07"]
[WhiteClock "0:00:06"]
[BlackClock "0:00:04"]
[Board "39"]

1. d4 Nc6 2. Nf3 Nf6 3. c4 e6 4. d5 Bb4+ 5. Nc3 Bxc3+ 6. bxc3 Ne7 7. dxe6 fxe6 8. g3 O-O 9. Bg2 b6 10. Nd4 Rb8 11. O-O Bb7 12. Bxb7 Rxb7 13. Qc2 e5 14. Nf3 d6 15. Qb3 Kh8 16. c5 h6 17. cxd6 cxd6 18. Ba3 Rd7 19. Rad1 Qc7 20. Qe6 Rfd8 21. c4 Ne4 22. Nh4 Ng5 23. Qg4 Nh7 24. Rd3 Nf6 25. Qe6 Ne4 26. Rfd1 Ng5 27. Qg4 Qc6 28. Bb4 a5 29. Ba3 Qe4 30. h3 Qxg4 31. hxg4 Nf7 32. e4 g6 33. Nf3 g5 34. Ne1 Nc6 35. Nc2 Kg8 36. Bb2 Re8 37. Ne3 Re6 38. Nf5 Ne7 39. Ne3 Kh7 40. Rb3 Nc8 41. Nd5 Rb7 42. Bc3 Nd8 43. Bxa5 bxa5 44. Ra3 Nc6 45. Rc1 Nd4 46. Kg2 Nc6 47. c5 dxc5 48. Rxc5 N8e7 49. Rac3 Nd4 50. Rxa5 Nec6 51. Rac5 Ne7 52. Ne3 Rd6 53. Nf5 Nexf5 54. gxf5 Rdd7 55. Rxe5 Ne2 56. Re3 Nd4 57. Re8 g4 58. Rc8 Nf3 59. Rc1 Rb2 60. e5 h5 61. Rh1 Rdd2 62. Rf1 Nd4 63. f6 Nf5 64. Re4 Kg6 65. Kg1 Kf7 66. Rf4 Nxg3 67. e6+ Kxe6 68. f7 Ne2+ 69. Kh2 Rb8 70. f8=Q Rxf8 71. Rxf8 Nd4 72. Re1+ Kd7 73. Rf7+ Kd8 74. Kg2 Nf3 75. Rb1 h4 76. Rb8# 1-0


[Site "https://www.chess.com"]

[Event "Titled Tuesday Blitz November 07 Early 2023"]
[White "Mgeladze, Tamaz"]
[Black "Mikhailovsky, Vladimir"]
[WhiteFideId "13601202"]
[BlackFideId "34105414"]
[WhiteElo "2673"]
[BlackElo "2831"]
[Result "1/2-1/2"]
[Round "5"]
[TimeControl "180+1"]
[Date "2023.11.07"]
[WhiteClock "0:01:39"]
[BlackClock "0:01:08"]
[Board "40"]

1. c4 g6 2. Nc3 Bg7 3. g3 c5 4. Bg2 Nc6 5. Nf3 b6 6. O-O Bb7 7. b3 Nd4 8. e3 Nxf3+ 9. Bxf3 Qc8 10. Bb2 Nf6 11. Nd5 Bc6 12. Nxf6+ Bxf6 13. Bxf6 exf6 14. d4 O-O 15. dxc5 bxc5 16. Bd5 a5 17. Qf3 Bxd5 18. Qxd5 a4 19. Rad1 Ra7 20. bxa4 Rxa4 21. Qxd7 Qxd7 22. Rxd7 Rxc4 23. Rfd1 Ra4 24. R1d2 Rfa8 25. Rc7 Rxa2 1/2-1/2


[Site "https://www.chess.com"]

[Event "Titled Tuesday Blitz November 07 Early 2023"]
[White "amanmuhammethommadov"]
[Black "Nyzhnyk, Illya"]
[BlackFideId "14118084"]
[WhiteElo "2673"]
[BlackElo "2828"]
[Result "0-1"]
[Round "5"]
[TimeControl "180+1"]
[Date "2023.11.07"]
[WhiteClock "0:00:11"]
[BlackClock "0:00:20"]
[Board "41"]

1. e4 c5 2. Nf3 d6 3. d4 cxd4 4. Nxd4 Nf6 5. Nc3 a6 6. Bg5 e6 7. f4 h6 8. Bh4 Qb6 9. a3 Nbd7 10. Bf2 Qc7 11. Qf3 b5 12. O-O-O Rb8 13. e5 dxe5 14. Qc6 Bd6 15. Qxc7 Bxc7 16. Nc6 Ra8 17. Bxb5 axb5 18. Nxb5 Bb8 19. fxe5 Ng4 20. Bc5 Ngxe5 21. Nxb8 Rxb8 22. Nd6+ Kd8 23. Bb4 Ba6 24. Rhe1 f6 25. Rxe5 Nxe5 26. Nf7+ Kc7 27. Bd6+ Kc6 28. Bxb8 Rxb8 29. Rd6+ Kc7 30. Rxa6 Nxf7 31. Rxe6 Kd7 32. Ra6 Nd6 33. a4 Re8 34. b4 Nc4 35. c3 Re2 36. a5 Rxg2 37. Ra7+ Kc6 38. Ra8 Kb5 39. Rc8 Ne5 40. Rc5+ Ka4 41. Rc7 Kb3 42. a6 Nc4 43. Kd1 Ra2 44. a7 Nb6 45. b5 Nd5 46. Rb7 Nxc3+ 47. Ke1 Nxb5 48. Rxb5+ Kc4 49. Rb7 g5 50. Rb6 f5 51. Rxh6 Kd4 52. Rf6 Ke5 53. Rf7 Ke4 54. Kf1 g4 55. Kg1 f4 56. Rb7 Kf5 57. Rb5+ Kg6 58. Rb7 f3 59. Kf1 Kg5 60. Rc7 Kf4 61. Rb7 Ke3 62. Rb3+ Ke4 63. Rb4+ Kf5 64. Rb5+ Kg6 65. Rb6+ Kg5 66. Rb7 Ra1+ 67. Kf2 Ra2+ 68. Kf1 Kh6 69. Rb6+ Kh5 70. Rb7 Ra6 71. Rh7+ Kg6 72. Rb7 Kf5 73. Rf7+ Ke4 74. Rb7 Ra1+ 75. Kf2 Ra2+ 76. Kf1 Ke3 77. Re7+ Kd4 78. Rb7 Kc5 79. Rg7 Ra1+ 80. Kf2 Ra2+ 81. Kf1 Kd4 82. Rxg4+ Ke3 83. Rg7 Ra1# 0-1


[Site "https://www.chess.com"]

[Event "Titled Tuesday Blitz November 07 Early 2023"]
[White "Jakubowski, Krzysztof"]
[Black "Bacrot, Etienne"]
[WhiteFideId "1112848"]
[BlackFideId "605506"]
[WhiteElo "2670"]
[BlackElo "2827"]
[Result "1-0"]
[Round "5"]
[TimeControl "180+1"]
[Date "2023.11.07"]
[WhiteClock "0:00:07"]
[BlackClock "0:00:07"]
[Board "42"]

1. e4 c5 2. Nf3 Nc6 3. d4 cxd4 4. Nxd4 e5 5. Nb5 d6 6. N1c3 a6 7. Na3 Be6 8. Nc4 Rc8 9. Ne3 Be7 10. g3 Bg5 11. Bg2 Nf6 12. O-O O-O 13. f4 exf4 14. gxf4 Bh6 15. a4 Re8 16. Kh1 Nb4 17. Bd2 Bd7 18. Be1 Qb6 19. Bf2 Qa5 20. Bh4 Kh8 21. Bxf6 gxf6 22. Qxd6 Be6 23. Qd4 Qc5 24. Rad1 Qxd4 25. Rxd4 a5 26. Rd2 Red8 27. Ned5 Rc4 28. Rdf2 Nxd5 29. exd5 Bf5 30. Re2 Bf8 31. Rfe1 Kg7 32. Be4 Bh3 33. Rg1+ Kh6 34. Rg3 Bc8 35. Reg2 Bd6 36. Rg7 Bxf4 37. Rxh7# 1-0


[Site "https://www.chess.com"]

[Event "Titled Tuesday Blitz November 07 Early 2023"]
[White "Zakhartsov, Vladimir"]
[Black "Degenbaev, Aziz"]
[WhiteFideId "4145097"]
[BlackFideId "13802640"]
[WhiteElo "2823"]
[BlackElo "2671"]
[Result "1-0"]
[Round "5"]
[TimeControl "180+1"]
[Date "2023.11.07"]
[WhiteClock "0:00:31"]
[BlackClock "0:01:09"]
[Board "43"]

1. e4 e6 2. d4 d5 3. Nd2 Nc6 4. Ngf3 Nf6 5. e5 Nd7 6. Bb5 a6 7. Ba4 b5 8. Bb3 f6 9. exf6 Qxf6 10. Nf1 Bd6 11. c3 O-O 12. Ng3 Kh8 13. O-O Ne7 14. Bc2 e5 15. Nh5 Qf7 16. Ng5 Qe8 17. Nxh7 Rg8 18. Ng5 e4 19. Ng3 Nf6 20. f3 Bxg3 21. hxg3 Nf5 22. Bf4 Nh5 23. fxe4 Nfxg3 24. Bxg3 Nxg3 25. Nf7+ Kh7 26. e5+ g6 27. Qd2 1-0


[Site "https://www.chess.com"]